 Dungeon Crawl Stone Soup version 0.19.1 (webtiles) character file.

4621 Rrauwl the Spear-Bearer (level 10, -6/53 HPs)
             Began as a Vine Stalker Fighter on Nov 30, 2016.
             Was a High Priest of the Shining One.
             Mangled by a killer bee (9 damage)
             ... on level 8 of the Dungeon.
             The game lasted 00:43:29 (6100 turns).

Rrauwl the Spear-Bearer (Vine Stalker Fighter)      Turns: 6100, Time: 00:43:30

Health: -6/53      AC: 11    Str: 22    XL:     10   Next: 42%
Magic:  0/17       EV:  8    Int:  9    God:    the Shining One [*****.]
Gold:   97         SH: 10    Dex: 16    Spells: 0 memorised, 17 levels left

rFire  + + .     SeeInvis .     v - +7 spear "Meso" {elec, -Tele rF+ rC+++ Str+3}
rCold  + + +     Gourm    +     u - +4 scale mail of the Hot Ocelot {rN++}
rNeg   + + +     Faith    .     c - +0 shield
rPois  .         Spirit   +     (helmet restricted)
rElec  .         Reflect  .     (no cloak)
rCorr  .         Harm     .     (no gloves)
MR     +....     NoTele   +     (no boots)
Stlth  +.........               w - amulet of the gourmand
                                z - ring of protection from cold
                                y - ring of protection from fire

@: lethally poisoned (-6 -> -13), glowing
A: antennae 1, fangs 3, regeneration 1, evolution 1, magic shield, antimagic
bite, no device heal 3, rot immunity
a: Divine Shield, Cleansing Flame, Summon Divine Warrior, Renounce Religion


You were on level 8 of the Dungeon.
You worshipped the Shining One.
The Shining One was extremely pleased with you.
You were very full.

You visited 1 branch of the dungeon, and saw 8 of its levels.
You also visited: Ossuary.

You collected 414 gold pieces.
You spent 317 gold pieces at shops.

Inventory:

Hand Weapons
 v - the +7 spear "Meso" (weapon) {elec, -Tele rF+ rC+++ Str+3}
   (You found it on level 6 of the Dungeon)

   Occasionally, upon striking a foe, it will discharge some electrical energy
   and cause terrible harm.
   It affects your strength (+3).
   It protects you from fire.
   It renders you almost immune to cold.
   It prevents most forms of teleportation.
Missiles
 l - 55 arrows
Armour
 c - a +0 shield (worn)
 u - the +4 scale mail of the Hot Ocelot (worn) {rN++}
   (You bought it in a shop on level 5 of the Dungeon)

   It greatly protects you from negative energy.
 C - +0 steam dragon scales
Jewellery
 w - an amulet of the gourmand (around neck)
 y - a ring of protection from fire (left hand)
 z - a ring of protection from cold (right hand)
Wands
 a - a wand of teleportation (3/9)
 e - a wand of teleportation (6/9)
 p - a wand of disintegration (4/24)
 x - a wand of slowing (19/48)
 A - a wand of confusion (10/48)
Scrolls
 d - 4 scrolls of remove curse
 k - 2 scrolls of fear
 o - 3 scrolls of blinking
 r - a scroll of recharging
 s - a scroll of magic mapping
 t - 2 scrolls of teleportation
 B - a scroll of identify
Potions
 g - 2 potions of lignification
 h - a potion of curing
 i - 4 potions of cancellation
 m - 2 potions of mutation
 n - a potion of agility
 D - 2 potions of flight
Comestibles
 b - 3 fruits
 f - 7 bread rations
 j - 7 meat rations
 q - a beef jerky


   Skills:
 + Level 5.8 Fighting
 + Level 8.0 Polearms
 + Level 6.4 Armour
 - Level 2.0 Dodging
 - Level 2.0 Stealth
 - Level 3.0 Shields
 - Level 4.0 Spellcasting
 - Level 4.0 Invocations
 + Level 3.8 Evocations


You had 17 spell levels left.
You didn't know any spells.

Dungeon Overview and Level Annotations

Branches:
Dungeon (8/15)             Temple (0/1) D:6            Lair (0/6) D:8

Altars:
Hepliaklqana
The Shining One

Shops:
D:5 [   D:7 [*:(*

Annotations:
D:8 Erica


Innate Abilities, Weirdness & Mutations

You have razor-sharp teeth.
Your natural rate of healing is unusually fast.
When hurt, damage is shared between your health and your magic reserves.
Your bite disrupts and absorbs the magic of your enemies.
Potions and wands cannot restore your health.
You are immune to rotting.
You have a pair of small antennae on your head.
You evolve.


Message History

The killer bee rages.
The killer bee stings you.
* * * LOW HITPOINT WARNING * * *
You hit the killer bee. Your bite misses the killer bee.
The killer bee is heavily wounded.
* * * LOW HITPOINT WARNING * * *
You feel sick. The killer bee barely misses you. x2
You hit the killer bee. Your bite misses the killer bee.
The killer bee is heavily wounded.
* * * LOW HITPOINT WARNING * * *
You feel sick. The killer bee completely misses you.
The killer bee barely misses you.
The killer bee stings you but does no damage.
A killer bee comes into view.
The killer bee buzzes angrily.
You puncture the killer bee!
The killer bee is almost dead.
* * * LOW HITPOINT WARNING * * *
You feel sick. You block the killer bee's attack. The killer bee stings you!
You die...

##########
#........#
#######.######.#
........# #.#
##############.###
..........#
#######.#.# #.#.#
..#@# . #######y#
@ ......§y# .
#######†# #y##
#†.# #...........
#....####.S.
#..#.#


y You could see 3 killer bees.

Vanquished Creatures
  Pikel (D:7)
  A deep elf mage (D:8)
  A queen bee (D:8)
  Prince Ribbit (D:6)
  Grinder (D:3)
  Sigmund (D:5)
  A wyvern (D:8)
  A steam dragon (D:8)
  A hungry ghost (D:6)
  Menkaure (Ossuary)
  2 sky beasts (D:6)
  A slave (D:7)
  A phantom (D:5)
  2 centaurs
  3 ogres
  2 bullfrogs
  A big kobold (D:4)
  A scorpion (D:6)
  16 killer bees
  A howler monkey (D:7)
  3 crimson imps
  A quasit (D:6)
  2 centaur zombies
  3 hounds
  An orc priest (D:5)
  2 bullfrog skeletons
  A jelly (D:5)
  3 orc wizards
  A centaur skeleton (D:7)
  5 worker ants
  3 mummies (Ossuary)
  5 gnolls
  A howler monkey skeleton (D:4)
  6 adders
  2 shadow imps
  3 oozes
  An adder zombie (D:5)
  An adder skeleton (D:4)
  5 worms
  A dart slug (D:2)
  2 leopard geckos
  23 orcs
  3 giant cockroaches
  3 gnoll zombies (Ossuary)
  13 goblins
  9 hobgoblins
  7 jackals
  8 kobolds
  3 quokkas
  A ball python (D:2)
  3 bats
  3 frilled lizards
  4 gnoll skeletons (Ossuary)
  3 goblin zombies (Ossuary)
  2 hobgoblin skeletons (Ossuary)
  2 hobgoblin zombies (Ossuary)
  A jackal skeleton (D:5)
  A jackal zombie (D:5)
  2 kobold skeletons (Ossuary)
  3 kobold zombies (Ossuary)
  A leopard gecko zombie (D:7)
  2 orc skeletons (Ossuary)
  5 orc zombies (Ossuary)
  4 rats
  4 rat skeletons (Ossuary)
  A rat zombie (Ossuary)
203 creatures vanquished.

Vanquished Creatures (others)
  A slave (D:7)
  2 howler monkeys (D:7)
  An orc wizard (D:7)
  3 gnolls (D:7)
  A gnoll skeleton (Ossuary)
  2 goblin skeletons (Ossuary)
  2 goblin zombies (Ossuary)
  3 hobgoblin skeletons (Ossuary)
  2 kobold skeletons (Ossuary)
  A kobold zombie (Ossuary)
  An orc skeleton (Ossuary)
  3 orc zombies (Ossuary)
  2 rat skeletons (Ossuary)
  2 rat zombies (Ossuary)
26 creatures vanquished.

Grand Total: 229 creatures vanquished

Notes
Turn   | Place    | Note
-------+----------+-------------------------------------------
     0 | D:1      | Rrauwl the Vine Stalker Fighter began the quest for the Orb.
     0 | D:1      | Reached XP level 1. HP: 11/11 MP: 2/2
    12 | D:1      | Reached skill level 2 in Polearms
    56 | D:1      | Reached XP level 2. HP: 14/16 MP: 3/3
  1034 | D:1      | Found a glowing golden altar of the Shining One.
  1035 | D:1      | Reached XP level 3. HP: 17/19 MP: 4/4
  1037 | D:1      | Reached skill level 3 in Polearms
  1057 | D:1      | Became a worshipper of the Shining One
  1561 | D:2      | Gained mutation: Your natural rate of healing is unusually fast. [Vine Stalker growth]
  1561 | D:2      | Reached XP level 4. HP: 18/23 MP: 5/5
  1682 | D:2      | Reached skill level 4 in Polearms
  1783 | D:2      | Reached skill level 1 in Dodging
  1783 | D:2      | Reached XP level 5. HP: 27/27 MP: 6/6
  1972 | D:3      | Noticed Grinder
  1998 | D:3      | Killed Grinder
  1998 | D:3      | Reached skill level 1 in Stealth
  1998 | D:3      | Reached skill level 1 in Invocations
  1998 | D:3      | Reached XP level 6. HP: 4/32 MP: 2/7
  2088 | D:3      | Found a faded altar of an unknown god.
  2506 | D:3      | Reached * piety under the Shining One
  3038 | D:4      | Reached skill level 5 in Polearms
  3038 | D:4      | Reached XP level 7. HP: 36/36 MP: 7/9
  3440 | D:5      | Entered Level 5 of the Dungeon
  3485 | D:5      | Reached ** piety under the Shining One
  3517 | D:5      | Found Qaibut's Antique Armour Shop.
  3519 | D:5      | Bought a faintly glowing scale mail for 225 gold pieces
  3529 | D:5      | Identified the +4 scale mail of the Hot Ocelot {rN++} (You bought it in a shop on level 5 of the Dungeon)
  3589 | D:5      | Gained mutation: You have razor-sharp teeth. [Vine Stalker growth]
  3589 | D:5      | Reached XP level 8. HP: 40/40 MP: 11/11
  3598 | D:5      | Reached skill level 1 in Spellcasting
  3892 | D:5      | Noticed Sigmund
  3904 | D:5      | Killed Sigmund
  4100 | D:6      | Reached skill level 6 in Polearms
  4106 | D:6      | Gained mutation: You have a pair of small antennae on your head. [mutagenic meat]
  4107 | D:6      | Gained mutation: You evolve. [mutagenic meat]
  4118 | D:6      | Got a bloodstained spear
  4119 | D:6      | Identified the +7 spear "Meso" {elec, -Tele rF+ rC+++ Str+3} (You found it on level 6 of the Dungeon)
  4302 | D:6      | Found a hazy altar of Hepliaklqana.
  4376 | D:6      | Found a staircase to the Ecumenical Temple.
  4388 | D:6      | Noticed Prince Ribbit
  4395 | D:6      | Killed Prince Ribbit
  4395 | D:6      | Reached skill level 5 in Armour
  4395 | D:6      | Reached XP level 9. HP: 34/45 MP: 10/15
  4717 | D:7      | Found a sand-covered staircase.
  4725 | Ossuary  | Entered an ossuary
  4733 | Ossuary  | Reached *** piety under the Shining One
  4803 | Ossuary  | Reached **** piety under the Shining One
  4955 | Ossuary  | Noticed Menkaure
  4960 | Ossuary  | Killed Menkaure
  5045 | D:7      | Found Gatuacki's Assorted Antiques.
  5053 | D:7      | Noticed Pikel
  5073 | D:7      | Killed Pikel
  5073 | D:7      | Reached skill level 7 in Polearms
  5073 | D:7      | Reached skill level 1 in Evocations
  5223 | D:7      | Found Kafimodi's Armour Shoppe.
  5321 | D:7      | Found Xyefec's Book Shop.
  5446 | D:7      | Found Sex Wox's Antique Weapon Shoppe.
  5506 | D:7      | Found Daga Bowasee's Assorted Antiques.
  5509 | D:7      | Bought a brass wand for 92 gold pieces
  5690 | D:8      | Reached ***** piety under the Shining One
  5728 | D:8      | Reached skill level 5 in Fighting
  5797 | D:8      | Found a staircase to the Lair.
  5831 | D:8      | Reached XP level 10. HP: 47/51 MP: 15/17
  6007 | D:8      | Noticed Erica
  6071 | D:8      | Noticed a deep elf mage
  6097 | D:8      | Killed a deep elf mage
  6097 | D:8      | Reached skill level 8 in Polearms
  6100 | D:8      | Mangled by a killer bee

Skill      XL: |  1  2  3  4  5  6  7  8  9 10 |
---------------+-------------------------------+-----
Polearms       | 2 3 4 5 6 7 8 |  8.0
Dodging        | 1 2 |  2.0
Stealth        | 1 2 |  2.0
Invocations    | 1 3 4 |  4.0
Fighting       | 3 5 |  5.8
Shields        | 3 |  3.0
Armour         | 3 5 6 |  6.4
Spellcasting   | 3 4 |  4.0
Evocations     | 2 3 |  3.8

Action                   |  1- 3 |  4- 6 |  7- 9 | 10-12 || total
-------------------------+-------+-------+-------+-------++-------
Melee: Trident           |   103 |   135 |   149 |       ||   387
       Bite              |    23 |    32 |    71 |    11 ||   137
       Spear             |       |       |   164 |    46 ||   210
Evoke: Wand              |       |       |       |     1 ||     1
  Use: Scroll            |     3 |     6 |    14 |     1 ||    24
       Potion            |       |     1 |     4 |     1 ||     6
  Eat: Chunk             |     2 |     5 |    20 |       ||    27
       Bread ration      |       |       |     1 |       ||     1
Armor: Scale mail        |    32 |     9 |    38 |     6 ||    85
       Plate armour      |       |    12 |       |       ||    12
       Chain mail        |       |     9 |    38 |       ||    47
Dodge: Dodged            |    26 |    20 |    56 |    16 ||   118
Block: Shield            |    36 |    34 |   101 |    25 ||   196
